 Dungeon Crawl Stone Soup version 0.21.1-1-g345015f (webtiles) character file.

562 inc the Changer (level 7, 15/34 HPs)
             Began as a Felid Transmuter on Mar 14, 2018.
             Quit the game on level 4 of the Dungeon.
             The game lasted 00:09:42 (4840 turns).

inc the Changer (Felid Transmuter)                  Turns: 4840, Time: 00:09:43

Health: 15/34      AC:  2    Str: 11    XL:     7   Next: 10%
Magic:  11/11      EV: 20    Int: 20    God:
Gold:   397        SH:  0    Dex: 18    Spells: 5/10 levels left
                                        Lives:  1   Deaths: 1

rFire    . . .     SeeInvis +     - Unarmed
rCold    . . .     Gourm    .   (shield unavailable)
rNeg     . . .     Faith    .   (armour unavailable)
rPois    .         Spirit   .   (helmet unavailable)
rElec    .         Reflect  .   (cloak unavailable)
rCorr    .         Harm     .   (gloves unavailable)
MR       +....                  (boots unavailable)
Stlth    ++........             g - amulet of magic regeneration
HPRegen  0.11/turn              (no ring)
MPRegen  0.37/turn              (no ring)

@: mighty, brilliant, quick
A: very small, no armour, no weapons or thrown items, stealth, claws 1, fangs 3,
see invisible, carnivore, speed 1, shaggy fur 2, slow metabolism 1, sharp paws
a: no special abilities


You were on level 4 of the Dungeon.
You were full.

You visited 1 branch of the dungeon, and saw 6 of its levels.
You also visited: Ossuary.

You collected 397 gold pieces.

Inventory:

Jewellery
 a - an uncursed ring of loudness
 g - an amulet of magic regeneration (around neck)
 n - an uncursed ring of see invisible
Scrolls
 d - a scroll of immolation
 j - a scroll of amnesia
Potions
 f - a potion of degeneration
 i - a potion of berserk rage
Books
 b - a book of Changes

   Spells                             Type                      Level
   a - Beastly Appendage              Transmutation                1
   b - Sticks to Snakes               Transmutation                2
   c - Spider Form                    Transmutation/Poison         3
   d - Ice Form                       Ice/Transmutation            4
   e - Blade Hands                    Transmutation                5
 m - a Fen Folio

   Spells                             Type                      Level
   a - Corpse Rot                     Necromancy                   2
   b - Stone Arrow                    Conjuration/Earth            3
   c - Leda's Liquefaction            Hexes/Earth                  4
   d - Summon Forest                  Summoning/Translocation      5
   e - Hydra Form                     Transmutation                6
   f - Summon Hydra                   Summoning                    7
Comestibles
 c - 2 rations


   Skills:
 + Level 5.7 Fighting
 - Level 4.7 Dodging
 - Level 3.0 Unarmed Combat
 - Level 2.0 Spellcasting
 - Level 6.4 Transmutations


You had 5 spell levels left.
You knew the following spells:

 Your Spells              Type           Power        Failure   Level  Hunger
b - Sticks to Snakes      Tmut           #####...     1%          2    ##.....
c - Spider Form           Tmut/Pois      ####......   1%          3    ###....


Dungeon Overview and Level Annotations

Branches:
Dungeon (6/15)
 Temple: D:4-7

Altars:
Dithmenos
Hepliaklqana
Kikubaaqudgha
Trog
Vehumet
Wu Jian
Yredelemnul
The Shining One

Annotations:
D:3 1994's ghost, amateur TeAE


Innate Abilities, Weirdness & Mutations

You cannot wear armour.
You are incapable of wielding weapons or throwing items.
Your paws allow you to move quietly. (Stealth)
You have sharp claws.
You have razor-sharp teeth.
You have supernaturally acute eyesight. (SInv)
You are carnivorous and can eat meat at any time.
You cover ground quickly.
You are covered in thick fur. (AC +2)
You have a slow metabolism.
Your sharp claws are effective at attacking unaware monsters.


Message History

No target in view!
No target in view!
No target in view!
You see here a worker ant corpse.
The orc priest is too close now for your liking.
An orc priest is nearby!
An orc priest is nearby!
The orc priest invokes the aid of Beogh against you.
Beogh smites you!
The orc shouts!
You are too injured to fight recklessly!
You are too injured to fight recklessly!
You see here a worker ant corpse.
Put on which piece of jewellery? (? for menu, Esc to quit)
Okay, then.
It was a potion of brilliance.
You feel clever all of a sudden.
It was a potion of might.
You feel very mighty all of a sudden.
Are you sure you want to abandon this character and quit the game? (Confirm with "yes".)

# #.... ####.#o.#
#.### #.#
#....o..# #.# #.#
#.##...... #.#
#.# #.# #.... #.#
#.# ###o### ...
#.# #.# #...†.# #
# #.# #.#
###.....##.# #.#
#.# .........@..#
#.# #>#
####.....#### #.#
#.# #.....# #.###
#.# ###..)# #....
#.# ######.#
##### #.#
#..)(..# ......
#.########.######
#.....
#.....[....#
#.####
#.###.###..#


You could see an orc.

Vanquished Creatures
  Prince Ribbit (D:5)
  An ogre (D:4)
  A bullfrog (D:6)
  A scorpion (D:4)
  A howler monkey (D:4)
  A human zombie (Ossuary)
  2 orc priests (D:4)
  An iguana (D:5)
  A worker ant (D:4)
  An orc wizard (D:4)
  3 big kobold zombies (Ossuary)
  A mummy (D:4)
  A howler monkey skeleton (D:5)
  3 adders
  5 oozes
  An adder skeleton (D:4)
  3 dart slugs
  2 leopard geckos (D:1)
  3 orcs (D:4)
  A giant cockroach (D:1)
  3 gnoll zombies (Ossuary)
  4 goblins
  A hobgoblin (D:2)
  2 jackals (D:5)
  2 ball pythons (D:1)
  2 bats
  3 frilled lizards (D:1)
  A goblin zombie (D:4)
  3 hobgoblin zombies
  5 kobolds
  An orc zombie (Ossuary)
  3 rats (D:1)
  A fungus (D:1)
65 creatures vanquished.

Vanquished Creatures (collateral kills)
  A worker ant (D:4)
  A big kobold zombie (Ossuary)
  2 mummies (Ossuary)
  A goblin zombie (Ossuary)
  2 orc zombies (Ossuary)
7 creatures vanquished.

Grand Total: 72 creatures vanquished

Notes
Turn   | Place    | Note
-------+----------+-------------------------------------------
     0 | D:1      | inc the Felid Transmuter began the quest for the Orb.
     0 | D:1      | Reached XP level 1. HP: 9/9 MP: 4/4
   540 | D:1      | Reached XP level 2. HP: 11/12 MP: 6/6
   964 | D:1      | Reached XP level 3. HP: 15/15 MP: 7/7
  1336 | D:2      | Learned a level 2 spell: Sticks to Snakes
  1340 | D:2      | Learned a level 3 spell: Spider Form
  1691 | D:4      | Reached XP level 4. HP: 10/19 MP: 2/8
  1898 | D:4      | Found a sand-covered staircase.
  1901 | D:4      | Reached skill level 3 in Transmutations
  1930 | Ossuary  | Entered an ossuary
  2107 | Ossuary  | Reached skill level 4 in Transmutations
  2107 | Ossuary  | Reached XP level 5. HP: 4/22 MP: 6/9
  2713 | Ossuary  | Reached skill level 5 in Transmutations
  3107 | D:4      | Gained mutation: You are covered in thick fur. (AC +2) [Felid growth]
  3107 | D:4      | Reached XP level 6. HP: 14/26 MP: 10/10
  3435 | D:3      | Found a basalt altar of Yredelemnul.
  3438 | D:3      | Found a hazy altar of Hepliaklqana.
  3448 | D:3      | Noticed 1994's ghost (amateur TeAE)
  3486 | D:4      | Reached skill level 6 in Transmutations
  3786 | D:4      | Found an ornate altar of the Wu Jian Council.
  4051 | D:3      | Found a glowing golden altar of the Shining One.
  4051 | D:3      | Found a radiant altar of Vehumet.
  4154 | D:4      | Found a shadowy altar of Dithmenos.
  4457 | D:5      | Entered Level 5 of the Dungeon
  4457 | D:5      | Found a bloodstained altar of Trog.
  4479 | D:5      | Noticed an ice beast
  4523 | D:5      | Found an ancient bone altar of Kikubaaqudgha.
  4560 | D:6      | Reached XP level 7. HP: 17/31 MP: 8/11
  4640 | D:5      | Slain by an ice beast
  4641 | D:5      | Reached XP level 6. HP: -5/28 MP: 10/10
  4646 | D:5      | Noticed Prince Ribbit
  4672 | D:5      | Killed Prince Ribbit
  4672 | D:5      | Reached skill level 5 in Fighting
  4817 | D:4      | Reached XP level 7. HP: 31/33 MP: 11/11
  4840 | D:4      | Quit the game

Skill      XL: |  1  2  3  4  5  6 |
---------------+-------------------+-----
Dodging        | 3 4 |  4.7
Fighting       | 2 5 |  5.7
Transmutations | 4 5 6 |  6.4
Unarmed Combat | |  3.0
Spellcasting   | |  2.0

Action                   |  1- 3 |  4- 6 |  7- 9 || total
-------------------------+-------+-------+-------++-------
Melee: Unarmed           |    76 |   225 |     6 ||   307
       Bite              |     9 |    13 |       ||    22
       Headbutt          |     4 |    26 |       ||    30
       Punch             |     1 |     3 |       ||     4
 Cast: Beastly Appendage |     5 |    15 |       ||    20
       Sticks to Snakes  |     3 |     9 |       ||    12
       Spider Form       |       |     7 |     1 ||     8
  Use: Potion            |       |     4 |     2 ||     6
       Scroll            |       |    10 |       ||    10
 Stab: Sleeping          |     5 |     3 |     1 ||     9
       Distracted        |       |     1 |       ||     1
  Eat: Chunk             |       |    12 |     1 ||    13
       Ration            |       |     1 |       ||     1
Armor: Skin              |     3 |     6 |       ||     9
Dodge: Dodged            |    41 |   186 |     5 ||   232
